 Seeded DCSS version 0.31-a0-45-g5f0c076935 (webtiles) character file.

Game seed: 1007316256282069755 (custom seed)

249 edwardauron the Chopper (level 5, -1/41 HPs)
             Began as a Demonspawn Berserker on May 22, 2023.
             Was a Priest of Trog.
             Splashed by a jelly's acid (9 damage)
             ... on level 4 of the Dungeon.
             The game lasted 00:02:15 (2957 turns).

edwardauron the Chopper (Demonspawn Berserker)      Turns: 2957, Time: 00:02:17

Health: -1/41      AC: -5    Str: 19    XL:     5   Next: 86%
Magic:  5/5        EV: 12    Int:  9    God:    Trog [***...]
Gold:   247        SH:  0    Dex: 12    Spells: 4/4 levels left

rFire   . . .        a - +0 hand axe
rCold   . . .        (no shield)
rNeg    . . .        b - +0 animal skin
rPois   .            (no helmet)
rElec   .            (no cloak)
rCorr   .            (no gloves)
SInv    .            (no boots)
Will    .....        (no amulet)
Stlth   +            (no ring)
HPRegen 0.26/turn    (no ring)
MPRegen 0.09/turn

%: no passive effects
@: corroded
A: ignite blood 1, spiny 2
a: Renounce Religion, Berserk, Trog's Hand


You were on level 4 of the Dungeon.
You worshipped Trog.
Trog was most pleased with you.
You visited 1 branch of the dungeon, and saw 4 of its levels.

You collected 247 gold pieces.

Inventory:

Hand Weapons
 a - a +0 hand axe (weapon)
Missiles
 c - 4 javelins (quivered)
Armour
 b - a +0 animal skin (worn)
 k - a +0 kite shield
Jewellery
 l - a ring of flight
Scrolls
 d - a scroll of identify {unknown}
 f - 2 scrolls of immolation {unknown}
 g - a scroll of enchant armour {unknown}
 h - a scroll of enchant weapon {unknown}
 j - a scroll of vulnerability {unknown}
 q - a scroll of amnesia {unknown}
Potions
 e - a potion of might {unknown}
 i - a potion of curing {unknown}
 m - 2 potions of flight {unknown}
 n - a potion of heal wounds {unknown}
 o - a potion of attraction {unknown}
 p - a potion of ambrosia {unknown}


   Skills:
 - Level 3.0 Fighting
 + Level 6.1 Axes
 - Level 1.7 Armour
 - Level 1.7 Dodging


You had 4 spell levels left.
You didn't know any spells.
Your spell library was empty.

Dungeon Overview and Level Annotations

Branches:
Dungeon (4/15)
 Temple: D:4-7

Altars:
Gozag
Makhleb
Sif Muna
Trog


Innate Abilities, Weirdness & Mutations

Your demonic aura sometimes causes spilled blood to erupt in flames.
You are mostly covered in sharp spines.


Message History

The jackal is struck by your spines.
You kill the jackal!
Trog accepts your kill. The ball python closely misses you.
A jelly comes into view.
The jackal is struck by your spines. The jackal bites you.
The jelly quivers.
You hit the jackal.
You kill the jackal!
Trog accepts your kill.
You closely miss the ball python. The ball python bites you.
You slash the ball python!
You kill the ball python!
Trog accepts your kill.
You hit the jackal. The jackal closely misses you.
The jackal is struck by your spines.
You kill the jackal!
Trog accepts your kill.
Things that are here:
a jackal corpse; a jackal corpse Unknown command.
You slash the jelly! The acid corrodes you!
Your hands burn!
The jelly is moderately wounded.
The jelly hits you.
You are splashed with acid!
You hit the jelly.
Your hands burn!
The jelly is heavily wounded.
The jelly hits you. The acid corrodes you!
You are splashed with acid!
You are too injured to fight recklessly!
You are too injured to fight recklessly!
You hit the jelly but do no damage.
Your hands burn!
* * * LOW HITPOINT WARNING * * *
The jelly is heavily wounded.
The jelly is struck by your spines. The jelly closely misses you.
You hit the jelly.
Your hands burn!
* * * LOW HITPOINT WARNING * * *
The jelly is severely wounded.
The jelly is struck by your spines. The jelly hits you.
* * * LOW HITPOINT WARNING * * *
You are splashed with acid!
You die...

#. #.......# .# .#
#.......## #. #.
#....##..## .#
#..#####..# ..#
#..# #..##.## .....
##.....##
###....####......##
##......††......#
#......@...#...
#......J...# ..
...............
..............#
..?...........#
...............
............###
...........##


You could see a jelly.

Vanquished Creatures
  A howler monkey (D:3)
  An orc wizard (D:4)
  8 adders
  2 worms
  2 dart slugs
  9 orcs
  9 endoplasms
  2 giant cockroaches
  9 goblins
  4 hobgoblins
  14 jackals
  3 quokkas
  7 ball pythons
  9 bats
  2 frilled lizards (D:2)
  9 kobolds
  7 rats
98 creatures vanquished.

Notes
Turn   | Place    | Note
-------+----------+-------------------------------------------
     0 | D:1      | edwardauron the Demonspawn Berserker began the quest for
                  | the Orb.
     0 | D:1      | Reached XP level 1. HP: 18/18 MP: 1/1
    95 | D:1      | Reached skill level 3 in Axes
   101 | D:1      | Gained mutation: You are partially covered in sharp spines.
                  | [demonic ancestry]
   101 | D:1      | Reached XP level 2. HP: 13/24 MP: 2/2
   531 | D:1      | Reached ** piety under Trog
   570 | D:1      | Reached XP level 3. HP: 25/29 MP: 3/3
   673 | D:1      | Found a faded altar of an unknown god.
   743 | D:1      | Reached skill level 4 in Axes
  1101 | D:2      | Gained mutation: You are mostly covered in sharp spines.
                  | [demonic ancestry]
  1101 | D:2      | Reached XP level 4. HP: 34/35 MP: 4/4
  1625 | D:3      | Found a shimmering blue altar of Sif Muna.
  1625 | D:3      | Found a burning altar of Makhleb.
  1792 | D:3      | Reached *** piety under Trog
  1809 | D:3      | Found a bloodstained altar of Trog.
  1903 | D:3      | Reached skill level 5 in Axes
  2463 | D:4      | Found an opulent altar of Gozag.
  2477 | D:3      | Gained mutation: Your demonic aura sometimes causes spilled
                  | blood to erupt in flames. [demonic ancestry]
  2477 | D:3      | Reached XP level 5. HP: 31/41 MP: 5/5
  2791 | D:4      | Reached skill level 6 in Axes
  2957 | D:4      | Splashed by a jelly's acid

Illustrated notes

Levels and vault maps discovered:
D:1:      psy_arrival_statuary, layout_basic,
          dreamdust_ecumenical_altar_angels_and_demons
D:2:      minmay_skewed_foursquare, layout_loops_ring, minmay_misc_feat_x
D:3:      layout_basic, bloody_trog, jmf_multi_god_temple,
          nicolae_concentric_dashed_squares_wild, serial_park_tiny_1,
          st_stairs_4
D:4:      layout_layer_cave, nicolae_gozag_cash_rules_everything_around_me,
          hellmonk_ghost_happy_afterlife, sigmund_army

Skill      XL: |  1  2  3  4  5 |
---------------+----------------+-----
Axes           | 3 4 5 6 |  6.1
Fighting       | |  3.0
Armour         | |  1.7
Dodging        | |  1.7

Action                     |  1- 3 |  4- 6 || total
---------------------------+-------+-------++-------
  Melee: Hand axe          |    92 |    85 ||   177
 Invoke: Berserk           |       |     1 ||     1
   Stab: Sleeping          |     2 |       ||     2
 Armour: Animal skin       |    14 |     6 ||    20
  Dodge: Dodged            |    54 |    53 ||   107

Table legend: (Time is in decaauts)
 A = Elapsed time spent in this place.
 B = Non-inter-level travel time spent in this place.
 C = Inter-level travel time spent in this place.
 D = Time resting spent in this place.
 E = Time spent auto-exploring this place.
 F = Levels seen in this place.
 G = Mean time per level.
                   A        B        C        D        E       F      G
               +--------+--------+--------+--------+--------+-----+--------+
         Total |   2980 |   2824 |    156 |    172 |   2223 |   4 |  745.0 |
       Dungeon |   2980 |   2824 |    156 |    172 |   2223 |   4 |  745.0 |
               +--------+--------+--------+--------+--------+-----+--------+

Top non-repeatable levels by time:
     D:3: 958 daAuts
     D:1: 813 daAuts
     D:2: 796 daAuts
     D:4: 412 daAuts
